 Dungeon Crawl Stone Soup version 0.21.1-1-g345015fe64 (webtiles) character file.

69 Kejsarherre the Covered (level 4, 0/61 HPs)
             Began as a Gnoll Wanderer on May 3, 2018.
             Slain by an iron imp (10 damage)
             ... summoned by Natasha
             ... on level 3 of the Dungeon.
             The game lasted 00:02:13 (1124 turns).

Kejsarherre the Covered (Gnoll Wanderer)            Turns: 1124, Time: 00:02:15

Health: 0/61       AC:  6    Str: 20    XL:     4   Next: 20%
Magic:  5/5        EV: 11    Int: 16    God:
Gold:   54         SH:  0    Dex: 13    Spells: 5/5 levels left

rFire    . . .     SeeInvis .   a - +2 quarterstaff
rCold    . . .     Gourm    .   (shield currently unavailable)
rNeg     . . .     Faith    .   b - +0 ring mail
rPois    .         Spirit   .   (no helmet)
rElec    .         Reflect  .   (no cloak)
rCorr    .         Harm     .   (no gloves)
MR       .....                  (no boots)
Stlth    ..........             (no amulet)
HPRegen  0.20/turn              (no ring)
MPRegen  0.09/turn              (no ring)

@: berserking, lethally poisoned (0 -> -11), slowed
A: distributed training, fangs 1, strong nose
a: no special abilities


You were on level 3 of the Dungeon.
You were hungry.

You visited 1 branch of the dungeon, and saw 3 of its levels.

You collected 54 gold pieces.

Inventory:

Hand Weapons
 a - a +2 quarterstaff (weapon)
 o - a +0 blowgun
Missiles
 n - 14 poisoned needles
Armour
 b - a +0 ring mail (worn)
 c - a +0 shield
Wands
 q - a wand of iceblast (5)
Scrolls
 e - a scroll of magic mapping {unknown}
 g - a scroll of fear {unknown}
 h - a scroll of random uselessness {unknown}
 k - a scroll of amnesia {unknown}
 m - a scroll of blinking {unknown}
 p - a scroll of immolation {unknown}
Potions
 j - a potion of lignification {unknown}
 l - a potion of haste {unknown}
Comestibles
 d - 5 rations


   Skills:
 + Level 6.6 Fighting
 + Level 1.0 Short Blades
 + Level 1.0 Long Blades
 + Level 1.0 Axes
 + Level 1.0 Maces & Flails
 + Level 1.0 Polearms
 + Level 4.6 Staves
 + Level 1.0 Slings
 + Level 1.0 Bows
 + Level 1.0 Crossbows
 + Level 2.7 Throwing
 + Level 6.6 Armour
 + Level 1.0 Dodging
 + Level 1.0 Stealth
 + Level 2.7 Shields
 + Level 1.0 Unarmed Combat
 + Level 1.0 Spellcasting
 + Level 0.8 Conjurations
 + Level 0.8 Hexes
 + Level 0.8 Charms
 + Level 0.8 Summonings
 + Level 0.8 Necromancy
 + Level 0.8 Translocations
 + Level 0.8 Transmutations
 + Level 0.8 Fire Magic
 + Level 0.8 Ice Magic
 + Level 0.8 Air Magic
 + Level 0.8 Earth Magic
 + Level 0.8 Poison Magic
 + Level 1.1 Invocations
 + Level 1.0 Evocations


You had 5 spell levels left.
You didn't know any spells.

Dungeon Overview and Level Annotations

Branches:
Dungeon (3/15)

Altars:
Fedhas
Yredelemnul

Annotations:
D:3 Natasha


Innate Abilities, Weirdness & Mutations

Your experience applies equally to all skills.
You have very sharp teeth.
Your uncanny sense of smell can sniff out nearby items.


Message History

Natasha stares at you and mumbles some strange words.
You feel yourself slow down. The adder bites you.
You are more poisoned.
The adder poisons you!
Unknown command.
You hit the adder.
You kill the adder!
You feel very sick.
The crimson imp blinks!
Natasha closely misses you.
The crimson imp blinks!
Natasha claws you.
Unknown command.
Unknown command.
It was a potion of berserk rage.
A red film seems to cover your vision as you go berserk!
You feel yourself moving faster!
You feel mighty!
You feel sick. Natasha casts a spell at you. The magic dart hits you!
* * * LOW HITPOINT WARNING * * *
The iron imp hits you!
You die...

..#.).#...## #......[........
...........#
##........(......
###...####...#............#..
###.### ................#
.....# #...§.......#.#.
.....# #.#.........#...
.....# #.#§..........#>.
.....## #####.#5h...........
......####......@####.####...
.................##.....##.##
.....#####.....).#.......#.#
.....# ######..#.......#.#
###### #...÷.._.....#
#..#)......#.# #..#.......#.#
#..##.....## # #..####.###


You could see an iron imp and Natasha.

Vanquished Creatures
  3 adders
  2 worms (D:3)
  A dart slug (D:3)
  2 orcs (D:3)
  5 giant cockroaches
  3 goblins
  5 hobgoblins
  8 kobolds
  A frilled lizard (D:3)
  A rat (D:3)
31 creatures vanquished.

Notes
Turn   | Place    | Note
-------+----------+-------------------------------------------
     0 | D:1      | Kejsarherre the Gnoll Wanderer began the quest for the Orb.
     0 | D:1      | Kejsarherre set off with: a +2 quarterstaff, a +0 ring mail, a +0 shield, a ration
     0 | D:1      | Reached XP level 1. HP: 23/23 MP: 1/1
   418 | D:1      | Reached XP level 2. HP: 29/29 MP: 2/2
   510 | D:2      | Reached XP level 3. HP: 23/35 MP: 3/3
   642 | D:3      | Reached skill level 1 in Invocations
   665 | D:3      | Found a blossoming altar of Fedhas.
   703 | D:3      | Reached skill level 1 in Short Blades
   703 | D:3      | Reached skill level 1 in Long Blades
   703 | D:3      | Reached skill level 1 in Axes
   703 | D:3      | Reached skill level 1 in Maces & Flails
   703 | D:3      | Reached skill level 1 in Polearms
   703 | D:3      | Reached skill level 1 in Slings
   703 | D:3      | Reached skill level 1 in Bows
   703 | D:3      | Reached skill level 1 in Crossbows
   703 | D:3      | Reached skill level 1 in Dodging
   703 | D:3      | Reached skill level 1 in Stealth
   703 | D:3      | Reached skill level 1 in Unarmed Combat
   703 | D:3      | Reached skill level 1 in Spellcasting
   703 | D:3      | Reached skill level 1 in Evocations
   704 | D:3      | Found a basalt altar of Yredelemnul.
  1042 | D:3      | Reached XP level 4. HP: 26/41 MP: 5/5
  1097 | D:3      | Noticed Natasha
  1124 | D:3      | Slain by an iron imp

Skill      XL: |  1  2  3 |
---------------+----------+-----
Invocations    | 1 |  1.1
Short Blades   | 1 |  1.0
Long Blades    | 1 |  1.0
Axes           | 1 |  1.0
Maces & Flails | 1 |  1.0
Polearms       | 1 |  1.0
Slings         | 1 |  1.0
Bows           | 1 |  1.0
Crossbows      | 1 |  1.0
Dodging        | 1 |  1.0
Stealth        | 1 |  1.0
Unarmed Combat | 1 |  1.0
Spellcasting   | 1 |  1.0
Evocations     | 1 |  1.0
Fighting       | |  6.6
Staves         | |  4.6
Throwing       | |  2.7
Armour         | |  6.6
Shields        | |  2.7
Conjurations   | |  0.8
Hexes          | |  0.8
Charms         | |  0.8
Summonings     | |  0.8
Necromancy     | |  0.8
Translocations | |  0.8
Transmutations | |  0.8
Fire Magic     | |  0.8
Ice Magic      | |  0.8
Air Magic      | |  0.8
Earth Magic    | |  0.8
Poison Magic   | |  0.8

Action                   |  1- 3 |  4- 6 || total
-------------------------+-------+-------++-------
Melee: Quarterstaff      |    65 |     9 ||    74
       Bite              |     1 |       ||     1
 Fire: Blowgun           |       |     6 ||     6
  Use: Potion            |       |     3 ||     3
Armor: Ring mail         |    13 |     8 ||    21
Dodge: Dodged            |    40 |     5 ||    45
